 Dungeon Crawl Stone Soup version 0.14-a0-1876-g927fc3a (webtiles) character file.

567 Piginabag the Ducker (level 7, -10/48 HPs)
             Began as a Formicid Monk on Jan 15, 2014.
             Mangled by an ogre
             ... wielding a +0,+0 giant spiked club
              (20 damage)
             ... on Level 5 of the Dungeon.
             The game lasted 00:11:03 (5212 turns).

Piginabag the Ducker (Formicid Monk)                Turns: 5212, Time: 00:11:03

HP -10/48        AC 12     Str 18      XL: 7   Next: 43%
MP   7/7         EV  7     Int  9      God:
Gold 136         SH  0     Dex 13      Spells:  0 memorised,  6 levels left

rFire  . . .     SeeInvis +     w - +0 long sword (curse)
rCold  . . .     Clarity  .     e - +0 chain mail
rNeg   + . .     Conserve .     (no shield)
rPois  x         rCorr    .     (helmet unavailable)
rElec  .         rRot     .     (no cloak)
SustAb . .       Spirit   .     y - +0 pair of gloves
rMut   .         Warding  +     i - +0 pair of elf boots
Saprov . . .     Stasis   +     g - amulet of warding
MR     +....                    (no ring)
                                m - ring of protection from magic {unknown}

@: somewhat resistant to hostile enchantments, extremely unstealthy
A: permanent stasis, dig shafts and tunnels, four strong arms, poison weakness,
antennae 3, exoskeleton 1
a: Dig, Shaft Self


You were on level 5 of the Dungeon.
You were not hungry.

You visited 1 branch of the dungeon, and saw 5 of its levels.

You collected 136 gold pieces.

Inventory:

Hand weapons
 w - a cursed +0,+0 long sword (weapon)
Armour
 e - a +0 chain mail (worn)
 i - a +0 pair of elven boots (worn)
 y - a +0 pair of gloves (worn)
Comestibles
 a - 2 meat rations
 b - 2 bread rations
 k - 11 grapes
 l - a choko
 x - a sausage
 z - a pear
Scrolls
 c - a scroll of identify
 d - a scroll of remove curse
 j - a scroll of enchant weapon I {unknown}
 p - a scroll of enchant weapon II {unknown}
 r - 2 scrolls of amnesia
Jewellery
 g - an amulet of warding (around neck)
 m - a ring of protection from magic (left hand) {unknown}
Potions
 f - a potion of restore abilities {unknown}
 h - 2 potions of might {unknown}
 n - a potion of lignification {unknown}
 o - a potion of poison {unknown}
 s - a potion of mutation {unknown}


   Skills:
 + Level 4.2 Fighting
 + Level 2.0 Long Blades
 + Level 4.2 Armour
 + Level 4.8 Dodging
 - Level 2.4 Stealth
 - Level 4.0 Unarmed Combat


You had 6 spell levels left.
You didn't know any spells.

Dungeon Overview and Level Annotations

Branches:
Dungeon (5/16)
 Temple: D:4-7

Altars:
Makhleb
Vehumet

Annotations:
D:4 Piginabag's ghost, experienced FoFi


Innate Abilities, Weirdness & Mutations

Your are under a permanent stasis effect.
You can dig through walls and to a lower floor.
Your four strong arms can wield any weapon, most with a shield.
You are susceptible to poison.
You have a pair of large antennae on your head (SInv).
Your body is surrounded by an exoskeleton. (HP +5, AC +1)


Message History

The ogre shouts!
An adder comes into view.
There are monsters nearby!
The ogre hits you with a giant spiked club!
You hit the ogre.
The ogre is moderately wounded.
The ogre closely misses you.
You hit the ogre.
The ogre is moderately wounded.
The ogre hits you with a giant spiked club!
* * * LOW HITPOINT WARNING * * *
You are too injured to fight recklessly!
You are too injured to fight recklessly!
You are too injured to fight recklessly!
You slash the ogre!
The ogre is severely wounded.
You slash the ogre!
The ogre is almost dead.
The ogre hits you with a giant spiked club!
You die...

############ #..........#
#.........(# #..........#
#..........# #..(.......#
#..........#
######..........###
..........O@......#
#######.######.##.#######
... .............%.# ###.
####.##.#####.# #{
.......####.#### #.
.(................ #O
................. S.
.......>........ .
...............


You could see an ogre.

Vanquished Creatures
  3 orc priests
  A scorpion (D:4)
  2 hounds
  An iguana (D:4)
  A worker ant (D:4)
  An orc wizard (D:4)
  5 adders
  2 giant mites
  2 worms
  A giant eyeball (D:4)
  3 giant geckos
  An ooze (D:1)
  8 orcs
  13 bats
  A bat skeleton (D:4)
  6 giant cockroaches
  A gnoll skeleton (D:4)
  8 goblins
  10 hobgoblins
  6 jackals
  3 quokkas
  A ball python (D:2)
  7 giant newts
  12 kobolds
  8 rats
107 creatures vanquished.

Notes
Turn   | Place    | Note
--------------------------------------------------------------
     0 | D:1      | Piginabag, the Formicid Monk, began the quest for the Orb.
     0 | D:1      | Reached XP level 1. HP: 19/19 MP: 1/1
   122 | D:1      | Reached XP level 2. HP: 20/24 MP: 2/2
  1022 | D:2      | Reached XP level 3. HP: 26/28 MP: 3/3
  1048 | D:2      | Reached XP level 4. HP: 23/33 MP: 4/4
  1143 | D:2      | Found a burning altar of Makhleb.
  1151 | D:2      | Reached skill level 1 in Armour
  1616 | D:2      | Reached XP level 5. HP: 27/38 MP: 5/5
  2810 | D:4      | Reached XP level 6. HP: 23/43 MP: 6/6
  2886 | D:4      | Noticed Piginabag's ghost (experienced FoFi)
  3532 | D:4      | Reached skill level 1 in Long Blades
  4155 | D:4      | Found a radiant altar of Vehumet.
  4222 | D:4      | Reached XP level 7. HP: 25/48 MP: 7/7
  4773 | D:5      | Entered Level 5 of the Dungeon
  5212 | D:5      | Mangled by an ogre

Action                   |  1- 3 |  4- 6 |  7- 9 || total
-------------------------+-------+-------+-------++-------
Melee: Unarmed           |    55 |   131 |       ||   186
       Long sword        |       |   172 |    60 ||   232
       Whip              |       |    32 |       ||    32
  Use: Scroll            |     3 |     6 |       ||     9
       Potion            |       |     3 |     2 ||     5
 Stab: Sleeping          |     3 |     1 |       ||     4
       Distracted        |     1 |       |       ||     1
